 Dungeon Crawl Stone Soup version 0.27-a0-46-g34d46f0a3f (webtiles) character file.

Game seed: 6729582962983039548

18443 Borgoz the Carver (level 12, -20/78 HPs)
             Began as a Gargoyle Gladiator on Jan 6, 2021.
             Was an Elder of Dithmenos.
             Demolished by a titanic slime creature (57 damage)
             ... on level 12 of the Dungeon.
             The game lasted 00:19:53 (13902 turns).

Borgoz the Carver (Gargoyle Gladiator)             Turns: 13902, Time: 00:19:54

Health: -20/78     AC: 34    Str: 32    XL:     12   Next: 58%
Magic:  0/12       EV: 10    Int: 11    God:    Dithmenos [****..]
Gold:   782        SH:  0    Dex: 13    Spells: 11/11 levels left

rFire    . . .     SeeInvis .   a - +1 falchion (elec)
rCold    + + .     Faith    .   (no shield)
rNeg     + . .     Spirit   +   J - +0 crystal plate armour
rPois    ∞         Reflect  .   q - +1 helmet {Int+3}
rElec    +         Harm     .   I - scarf {rC+ rF+}
rCorr    .         Rampage  .   F - +0 pair of gloves
Will     .....                  M - +0 pair of boots
Stlth    ..........             O - amulet of guardian spirit
HPRegen  0.23/turn              h - +6 ring of strength
MPRegen  0.13/turn              S - ring of Hagid {Ice Str+4 Slay+2}

@: mighty, hasted, wreathed by umbra, studying 3 skills, very quick
A: negative energy resistance 1, electricity resistance, unbreathing,
petrification resistance, miasma immunity, AC +8
a: Renounce Religion, Shadow Step


You were on level 12 of the Dungeon.
You worshipped Dithmenos.
Dithmenos was greatly pleased with you.
You visited 2 branches of the dungeon, and saw 13 of its levels.
You also visited: Bailey.

You collected 898 gold pieces.
You spent 116 gold pieces at shops.

Inventory:

Hand Weapons
 a - a +1 falchion of electrocution (weapon)
 b - a +1 falchion of flaming
Missiles
 E - 15 javelins (quivered)
Armour
 m - a +2 scale mail of cold resistance
 q - a +1 helmet of intelligence (worn)
 D - a +2 kite shield
 F - a +0 pair of gloves (worn)
 I - a scarf of resistance (worn)
 J - a +0 crystal plate armour (worn)
 K - a +0 hat of intelligence
 M - a +0 pair of boots (worn)
Jewellery
 c - a +4 ring of evasion
 h - a +6 ring of strength (left hand)
 p - an uncursed ring of ice
 w - an uncursed ring of flight
 x - an uncursed ring of see invisible
 A - an uncursed amulet of reflection
 O - an amulet of guardian spirit (around neck)
 Q - an uncursed ring of resist corrosion
 S - the ring of Hagid (right hand) {Ice Str+4 Slay+2}
   (You found it on level 12 of the Dungeon)

   [ring of ice]

   It enhances your ice magic.
   It affects your strength (+4).
   It affects your accuracy and damage with ranged weapons and melee attacks
   (+2).
   It makes you vulnerable to fire.
   It protects you from cold.
Wands
 e - a wand of flame (18)
 r - a wand of random effects (24)
 v - a wand of disintegration (8)
 y - a wand of iceblast (8)
 G - a wand of polymorph (6)
 U - a wand of acid (6)
Scrolls
 g - 3 scrolls of teleportation
 i - 3 scrolls of fog
 j - a scroll of fear
 k - 5 scrolls of enchant weapon
 s - a scroll of enchant armour
 u - 4 scrolls of remove curse
 z - 2 scrolls of blinking
 L - 3 scrolls of magic mapping
 P - 2 scrolls of amnesia
Potions
 f - a potion of might
 l - 4 potions of haste
 o - a potion of brilliance
 t - 2 potions of magic
 B - a potion of flight
 C - a potion of resistance
 H - a potion of invisibility
 N - a potion of curing
 T - a potion of heal wounds
Books
 d - a manual of Dodging
 n - a manual of Shields
 R - a manual of Spellcasting


   Skills:
 * Level 10.4 Fighting
 * Level 11.4 Long Blades
 - Level 1.7 Throwing
 * Level 10.1 Armour
 * Level 8.3 Dodging
 + Level 5.4 Shields


You had 11 spell levels left.
You didn't know any spells.
Your spell library contained the following spells:

 Spells                   Type           Power        Failure   Level
 Beastly Appendage        Tmut           0%           100%        1
 Magic Dart               Conj           0%           100%        1
 Shock                    Conj/Air       0%           100%        1
 Blink                    Tloc           N/A          100%        2
 Call Imp                 Summ           0%           100%        2
 Slow                     Hex            0%           100%        2
 Swiftness                Air            0%           100%        2
 Wereblood                Tmut           0%           100%        2
 Conjure Flame            Conj/Fire      0%           100%        3
 Mephitic Cloud           Conj/Pois/Air  0%           100%        3
 Spider Form              Tmut/Pois      0%           100%        3
 Static Discharge         Conj/Air       0%           100%        3
 Airstrike                Air            0%           100%        4
 Ice Form                 Ice/Tmut       0%           100%        4
 Blade Hands              Tmut           0%           100%        5
 Lightning Bolt           Conj/Air       0%           100%        5


Dungeon Overview and Level Annotations

Branches:
Dungeon (12/15)            Temple (1/1) D:6            Lair (0/6) D:9
    Orc (0/2) D:9          Bailey (visited)

Altars:
Ashenzari
Cheibriados
Dithmenos
Elyvilon
Fedhas
Gozag
Hepliaklqana
Kikubaaqudgha
Makhleb
Nemelex Xobeh
Okawaru
Qazlal
Ru
Sif Muna
Trog
Uskayaw
Vehumet
Wu Jian
Xom
Yredelemnul
Zin
The Shining One
Beogh

Shops:
D:6 *   D:10 }


Innate Abilities, Weirdness & Mutations

You are resistant to torment.
Your stone body is resilient. (AC +8)
You are immune to poison.
You resist negative energy. (rN+)
You are resistant to electric shocks. (rElec)
You can survive without breathing.
You are immune to petrification.
You are immune to miasma.


Message History

Aiming: Disintegrate
Press: ? - help, Shift-Dir - straight line, f/p - titanic slime creature
Aim: a titanic slime creature (heavily wounded, umbra, chance to affect: 48%)
The titanic slime creature resists with some effort.
You hear a zap.
You hear a grinding noise.
Evoke which item? (* to show all) (? for menu, Esc to quit)
Aiming: Disintegrate
Press: ? - help, Shift-Dir - straight line, f/p - titanic slime creature
Aim: a titanic slime creature (heavily wounded, umbra, chance to affect: 48%)
The titanic slime creature resists with some effort.
The titanic slime creature closely misses you.
The slime creature hits you but does no damage.
Two slime creatures merge to form a large slime creature.
Evoke which item? (* to show all) (? for menu, Esc to quit)
Aiming: Disintegrate
Press: ? - help, Shift-Dir - straight line, f/p - titanic slime creature
Aim: a titanic slime creature (heavily wounded, umbra, chance to affect: 48%)
The titanic slime creature is blasted!
The titanic slime creature hits you!!!
Ouch! That really hurt!
You die...

##.....#.....## ...
##.............####..#
#.........).........#
#...........§.§...###
#.........§§§§§....###
#........:.§§§§.......
#..........§§§§§......
##....J....§§§§§......
#....@J....§§§§§......
#.....JJ......§....###
#.................##
#.................####
#.....>....#..........
##........##......))..
#..................)(.
#..................[)(
#..........#..######..


You could see a titanic slime creature, a large slime creature and 2 slime
creatures.

Vanquished Creatures
  Gastronok (D:9)
  Fannar (D:11)
  4 two-headed ogres
  Pikel (D:5)
  An ugly thing (D:11)
  A cyclops (D:8)
  The ghost of Asparus the Stinger, a novice OpVM of Vehumet (D:5)
  A komodo dragon (D:9)
  3 trolls
  A meliai zombie (D:10)
  Sigmund (D:6)
  A basilisk (D:10)
  6 yaks (D:11)
  A wyvern (D:12)
  Grum (D:8)
  Eustachio (D:5)
  Menkaure (D:7)
  3 water moccasins (D:9)
  Duvessa (D:5)
  An acid dragon (D:11)
  13 orc warriors
  5 black bears
  2 sky beasts
  A necrophage (D:7)
  6 ice beasts
  3 wolves (D:8)
  11 ogres
  4 phantoms
  19 centaurs
  A lemure (D:5)
  4 big kobolds
  4 bullfrogs
  A gnoll sergeant (D:11)
  Dowan (D:5)
  7 killer bees
  A water moccasin skeleton (D:9)
  5 scorpions
  10 wights
  2 howler monkeys
  A centaur zombie (D:6)
  A bullfrog zombie (D:11)
  10 hounds
  2 jellies
  A centaur skeleton (D:5)
  6 orc priests
  A bullfrog skeleton (D:10)
  Ijyb (D:5)
  Natasha (thrice) (D:4)
  6 iguanas
  6 worker ants
  12 orc wizards
  A hound skeleton (D:6)
  4 worker ant zombies
  4 gnolls
  11 adders
  3 white imps
  2 worker ant simulacra (D:5)
  A howler monkey simulacrum (D:5)
  3 oozes
  3 adder skeletons
  3 worms (D:3)
  An adder simulacrum (D:5)
  2 dart slugs
  6 leopard geckos
  58 orcs
  5 bats
  A giant cockroach (D:1)
  5 hobgoblins
  21 jackals
  23 kobolds
  6 quokkas
  2 ball pythons
  A frilled lizard (D:1)
  13 goblins
  A leopard gecko simulacrum (D:5)
  A leopard gecko skeleton (D:5)
  11 rats
374 creatures vanquished.

Vanquished Creatures (others)
  2 orcs (D:7)
  42 fungi (D:9)
  37 plants (D:9)
81 creatures vanquished.

Grand Total: 455 creatures vanquished

Notes
Turn   | Place    | Note
-------+----------+-------------------------------------------
     0 | D:1      | Borgoz the Gargoyle Gladiator began the quest for the Orb.
     0 | D:1      | Reached XP level 1. HP: 12/12 MP: 1/1
    94 | D:1      | Reached XP level 2. HP: 16/18 MP: 2/2
   307 | D:1      | Reached skill level 3 in Long Blades
   690 | D:1      | Reached skill level 1 in Armour
   695 | D:1      | Reached XP level 3. HP: 21/22 MP: 3/3
  1643 | D:2      | Reached XP level 4. HP: 26/27 MP: 4/4
  1748 | D:2      | Found a radiant altar of Vehumet.
  1748 | D:2      | Found a stormy altar of Qazlal.
  1749 | D:2      | Found a burning altar of Makhleb.
  2275 | D:3      | Found a faded altar of an unknown god.
  2355 | D:3      | Reached XP level 5. HP: 20/32 MP: 5/5
  2742 | D:4      | Reached skill level 4 in Long Blades
  2931 | D:4      | Reached XP level 6. HP: 37/37 MP: 6/6
  2932 | D:4      | Noticed Natasha
  2941 | D:4      | Killed Natasha
  3148 | D:4      | Reached XP level 7. HP: 13/43 MP: 7/7
  3439 | D:4      | Reached skill level 5 in Long Blades
  3495 | D:4      | Noticed Natasha
  3507 | D:4      | Killed Natasha
  3826 | D:4      | Noticed Natasha
  3833 | D:4      | Killed Natasha
  3925 | D:5      | Entered Level 5 of the Dungeon
  3981 | D:5      | Noticed Ijyb
  3990 | D:5      | Killed Ijyb
  4029 | D:5      | Noticed Duvessa
  4029 | D:5      | Noticed Dowan
  4046 | D:5      | Killed Duvessa
  4058 | D:5      | Killed Dowan
  4059 | D:5      | Reached XP level 8. HP: 27/48 MP: 8/8
  4205 | D:5      | Reached skill level 6 in Long Blades
  4283 | D:5      | Reached skill level 5 in Fighting
  4613 | D:5      | Found a runed translucent gate.
  4613 | D:5      | Found a runed translucent gate.
  4615 | D:5      | Found a runed translucent gate.
  4634 | D:5      | Noticed Asparus's ghost (novice OpVM)
  4675 | D:5      | Noticed Eustachio
  4676 | D:5      | Noticed Pikel
  4684 | D:5      | Killed Eustachio
  4721 | D:5      | Killed Pikel
  4722 | D:5      | Reached skill level 7 in Long Blades
  4722 | D:5      | Reached skill level 5 in Armour
  4722 | D:5      | Reached XP level 9. HP: 24/55 MP: 9/9
  5208 | D:6      | Reached skill level 5 in Dodging
  5208 | D:6      | Noticed Sigmund
  5217 | D:6      | Killed Sigmund
  5585 | D:6      | Reached skill level 8 in Long Blades
  5718 | D:6      | Found Wicvuhu's Assorted Antiques.
  5724 | D:6      | Bought a scroll of identify for 58 gold pieces
  5724 | D:6      | Bought a scroll labelled GEAPLA VOXAT for 29 gold pieces
  5724 | D:6      | Bought a scroll labelled FEUXOKUISE for 29 gold pieces
  5899 | D:6      | Found a sparkling altar of Nemelex Xobeh.
  6030 | D:6      | Found an iron altar of Okawaru.
  6129 | D:6      | Found a staircase to the Ecumenical Temple.
  6139 | Temple   | Entered the Ecumenical Temple
  6336 | Temple   | Became a worshipper of Dithmenos the Shadowed
  6702 | D:7      | Noticed Menkaure
  6707 | D:7      | Killed Menkaure
  6708 | D:7      | Reached XP level 10. HP: 61/63 MP: 10/10
  6870 | D:7      | Reached * piety under Dithmenos
  7400 | D:8      | Noticed Grum
  7413 | D:8      | Reached skill level 9 in Long Blades
  7422 | D:8      | Killed Grum
  7551 | D:8      | Found a flagged portal.
  7561 | Bailey   | Entered a bailey
  7611 | Bailey   | Reached ** piety under Dithmenos
  8283 | Bailey   | Reached *** piety under Dithmenos
  8968 | D:8      | Found a broken altar of Ashenzari.
  9100 | D:8      | Noticed a cyclops
  9120 | D:8      | Killed a cyclops
  9644 | D:9      | Reached XP level 11. HP: 57/68 MP: 11/11
  9653 | D:9      | Reached skill level 10 in Long Blades
  9733 | D:9      | Found a staircase to the Orcish Mines.
  9819 | D:9      | Noticed a two-headed ogre
  9828 | D:9      | Killed a two-headed ogre
  9857 | D:9      | Found a staircase to the Lair.
 10059 | D:9      | Found a roughly hewn altar of Beogh.
 10084 | D:9      | Reached **** piety under Dithmenos
 10371 | D:9      | Noticed Gastronok
 10394 | D:9      | Killed Gastronok
 10743 | D:9      | Found a white marble altar of Elyvilon.
 10770 | D:9      | Noticed a two-headed ogre
 10785 | D:9      | Killed a two-headed ogre
 11110 | D:9      | Found a basalt altar of Yredelemnul.
 11172 | D:10     | Entered Level 10 of the Dungeon
 11342 | D:5      | Killed Asparus's ghost
 11800 | D:10     | Reached XP level 12. HP: 68/76 MP: 12/12
 11884 | D:10     | Reached skill level 11 in Long Blades
 12079 | D:10     | Identified a scroll of acquirement
 12153 | D:10     | Found Una Qoo's Gadget Shoppe.
 12286 | D:11     | Noticed Fannar
 12300 | D:11     | Killed Fannar
 12314 | D:11     | Noticed a two-headed ogre
 12322 | D:11     | Killed a two-headed ogre
 12354 | D:11     | Reached skill level 10 in Fighting
 12491 | D:11     | Reached ***** piety under Dithmenos
 12596 | D:11     | Found a snail-covered altar of Cheibriados.
 12957 | D:11     | Reached skill level 5 in Shields
 13017 | D:11     | Noticed a two-headed ogre
 13028 | D:11     | Killed a two-headed ogre
 13142 | D:11     | Reached skill level 10 in Armour
 13698 | D:12     | Got a clouded bone ring
 13700 | D:12     | Identified the ring of Hagid {Ice Str+4 Slay+2} (You found
                  | it on level 12 of the Dungeon)
 13701 | D:12     | Acquired a manual of Dodging
 13902 | D:12     | Demolished by a titanic slime creature

Illustrated notes

Levels and vault maps discovered:
D:1:      dpeg_arrival_morbid_curiosity, layout_basic, minivault_23,
          minmay_unequal
D:2:      layout_rooms, gammafunk_temple_overflow_claw
D:3:      layout_rooms, chequers_ecumenical_altar_twisty
D:4:      layout_gridville, minivault_25, minmay_misc_feat_room,
          hangedman_decor_riveting, hex_medium, minmay_misc_feat_x,
          ebering_dispersal_statue_hall, glass_columns_a, minivault_14,
          palyth_stone_intersect, uniq_natasha
D:5:      layout_loops_ring, gammafunk_ghost_icy, uniq_eustachio, uniq_ijyb,
          uniq_duvessa, uniq_pikel
D:6:      layout_cave_pools, okawaru_altar_gauntlet_db,
          minmay_temple_entry_nine_rooms, serial_shops, shop,
          nemelex_dance_club_becter, uniq_sigmund
D:7:      layout_basic, minmay_chambers_of_fives, uniq_menkaure
D:8:      layout_loops_corners, kennysheep_little_box, enter_bailey_8,
          minmay_sticks_and_stones, uniq_grum
D:9:      layout_basic, kennysheep_ying_yang, due_lair_maze_entry_diamond,
          minmay_orc_entry_temple_small, uniq_gastronok
D:10:     layout_roguey, serial_shops, kennysheep_mini_moat,
          minmay_misc_feat_rows
D:11:     layout_cave_pods, basic_altar, uniq_fannar
D:12:     layout_rooms, nemelex_diamond_rough_becter, uniq_maurice
Temple:   regret_index_temple_generic_petals

Skill      XL: |  1  2  3  4  5  6  7  8  9 10 11 12 |
---------------+-------------------------------------+-----
Long Blades    | 3 4 5 7 8 9 10 11 | 11.4
Armour         | 1 2 3 4 5 6 7 9 10 | 10.1
Fighting       | 3 4 5 7 8 9 10 | 10.4
Dodging        | 3 4 5 6 7 8 |  8.3
Shields        | 3 5 |  5.4
Throwing       | |  1.7

Action                   |  1- 3 |  4- 6 |  7- 9 | 10-12 || total
-------------------------+-------+-------+-------+-------++-------
Melee: Long sword        |   111 |   162 |   185 |       ||   458
       Falchion          |       |       |   131 |   789 ||   920
Throw: Throwing net      |       |     3 |     1 |       ||     4
       Javelin           |       |       |       |     1 ||     1
Evoke: Wand              |       |       |       |     9 ||     9
  Use: Potion            |       |     2 |     1 |     7 ||    10
       Scroll            |       |       |    22 |     8 ||    30
 Stab: Held in net/web   |       |       |     2 |       ||     2
       Invisible         |       |       |       |     4 ||     4
Armor: Leather armour    |    19 |       |       |       ||    19
       Ring mail         |    29 |     9 |       |       ||    38
       Scale mail        |       |   100 |   164 |    19 ||   283
       Crystal plate arm |       |       |       |   610 ||   610
Dodge: Dodged            |   101 |   153 |   190 |   486 ||   930
       Rpst.: Long sword |    27 |    46 |    33 |       ||   106
       Falchion          |       |       |    21 |   125 ||   146

Table legend: (Time is in decaauts)
 A = Elapsed time spent in this place.
 B = Non-inter-level travel time spent in this place.
 C = Inter-level travel time spent in this place.
 D = Time resting spent in this place.
 E = Time spent auto-exploring this place.
 F = Levels seen in this place.
 G = Mean time per level.
                   A        B        C        D        E       F      G
               +--------+--------+--------+--------+--------+-----+--------+
         Total |  13827 |  13077 |    750 |   1394 |   8830 |  14 |  987.6 |
       Dungeon |  12513 |  11803 |    710 |   1223 |   8251 |  12 | 1042.8 |
        Temple |    225 |    185 |     40 |      0 |    180 |   1 |  225.0 |
        Bailey |   1089 |   1089 |      0 |    171 |    399 |   1 | 1089.0 |
               +--------+--------+--------+--------+--------+-----+--------+

Top non-repeatable levels by time:
     D:9: 1541 daAuts
     D:5: 1447 daAuts
    D:11: 1392 daAuts
     D:8: 1277 daAuts
     D:4: 1245 daAuts
     D:1: 1190 daAuts
  Bailey: 1089 daAuts
     D:6: 1008 daAuts
     D:7: 869 daAuts
    D:10: 801 daAuts
     D:3: 796 daAuts
     D:2: 749 daAuts
  Temple: 225 daAuts
    D:12: 193 daAuts
